 Dungeon Crawl Stone Soup version 0.18.1-50-g88ac8fd (webtiles) character file.

2094 Kisielow the Carver (level 9, -1/79 HPs)
             Began as a Minotaur Fighter on Sept 14, 2016.
             Was a Believer of Yredelemnul.
             Killed by divine providence
             ... invoked by an orc priest
              (14 damage)
             ... on level 7 of the Dungeon.
             The game lasted 00:16:04 (7236 turns).

Kisielow the Carver (Minotaur Fighter)              Turns: 7236, Time: 00:16:05

Health: -1/79      AC: 18    Str: 25    XL:     9   Next: 7%
Magic:  8/8        EV:  8    Int:  5    God:    Yredelemnul [**....]
Gold:   382        SH: 12    Dex:  9    Spells: 0 memorised, 8 levels left

rFire  . . .     SeeInvis .     A - +1 falchion (protect)
rCold  . . .     Gourm    +     b - +0 scale mail
rNeg   . . .     Faith    .     c - +1 shield
rPois  .         Spirit   .     D - +0 hat
rElec  .         Dismiss  .     L - +0 cloak
rCorr  .         Reflect  .     u - +0 pair of gloves
SustAt +         Harm     .     M - +2 pair of boots
MR     +....                    r - amulet of the gourmand
Stlth  ..........               o - ring of protection from magic
                                k - ring of sustain attributes

@: somewhat resistant to hostile enchantments, extremely unstealthy
A: retaliatory headbutt, horns 2
a: Animate Remains, Recall Undead Slaves, Injury Mirror, Renounce Religion


You were on level 7 of the Dungeon.
You worshipped Yredelemnul.
Yredelemnul was pleased with you.
You were not hungry.

You visited 2 branches of the dungeon, and saw 8 of its levels.
You also visited: Sewer.

You collected 382 gold pieces.

Inventory:

Hand Weapons
 a - a +1 long sword
 A - a +1 falchion of protection (weapon)
Armour
 b - a +0 scale mail (worn)
 c - a +1 shield (worn)
 u - a +0 pair of gloves (worn)
 D - a +0 hat (worn)
 L - a +0 cloak (worn)
 M - a +2 pair of boots (worn)
Jewellery
 k - a ring of sustain attributes (left hand)
 o - a ring of protection from magic (right hand)
 r - an amulet of the gourmand (around neck)
 v - an uncursed ring of ice
Wands
 q - a wand of paralysis (9/24)
 E - a wand of disintegration (6/24)
 K - a wand of flame (26/48)
Scrolls
 e - 2 scrolls of amnesia
 g - 2 scrolls of blinking {unknown}
 i - 3 scrolls of remove curse
 l - a scroll of enchant armour
 n - 2 scrolls of enchant weapon
 w - 3 scrolls of identify
 y - 2 scrolls of teleportation {unknown}
 C - 2 scrolls of magic mapping {unknown}
 G - a scroll of recharging {unknown}
Potions
 d - 4 potions of might
 m - 3 potions of berserk rage {unknown}
 p - a potion of lignification
 s - 3 potions of agility
 t - 5 potions of brilliance {unknown}
 x - 9 potions of heal wounds
 z - 4 potions of curing {unknown}
 B - a potion of resistance {unknown}
 H - 2 potions of cancellation {unknown}
 J - a potion of flight {unknown}
 N - a potion of cure mutation {unknown}
Comestibles
 f - 4 bread rations
 h - 2 beef jerkies
 j - 8 meat rations
 F - 2 fruits
 I - 4 slices of pizza


   Skills:
 + Level 7.0 Fighting
 * Level 10.0 Long Blades
 + Level 7.0 Armour
 + Level 7.2 Shields


You had 8 spell levels left.
You didn't know any spells.

Dungeon Overview and Level Annotations

Branches:
Dungeon (7/15)             Temple (1/1) D:4

Altars:
Ashenzari
Cheibriados
Dithmenos
Elyvilon
Fedhas
Gozag
Kikubaaqudgha
Makhleb
Nemelex Xobeh
Okawaru
Pakellas
Qazlal
Ru
Sif Muna
Trog
Vehumet
Xom
Yredelemnul
Zin
The Shining One


Innate Abilities, Weirdness & Mutations

You reflexively headbutt those who attack you in melee.
You have a pair of horns on your head.


Message History

The orc noisily roars encouragement to no one in particular.
You barely miss the orc. You headbutt the orc, but do no damage.
The orc hits you but does no damage.
You hit the orc.
The orc is severely wounded.
The orc hits you but does no damage.
You hit the orc but do no damage.
The orc is severely wounded.
The orc priest calls down the wrath of Beogh upon you.
Beogh smites you!
* * * LOW HITPOINT WARNING * * *
You closely miss the orc.
The orc is severely wounded.
The orc closely misses you. You furiously retaliate!
You headbutt the orc.
You kill the orc!
Yredelemnul accepts your kill.
The orc priest invokes the aid of Beogh against you.
Beogh smites you!
You die...
Your body rises from the dead as a mindless zombie.

.....# .....# .....##
........ .####### .# .#
.#######################
.............ZZZ@o......
....####......####o.....
.......+......# .....
.....###......# ....
.....# #......# ...
.....# #......# ..
.....# ###+#### #
....... ####.##


You could see 2 orc priests, a friendly ball python zombie, a friendly adder
zombie and a friendly orc zombie.

Vanquished Creatures
  Grinder (D:3)
  Menkaure (D:5)
  The ghost of mishamorgan the Conjurer, an amateur HEWz (D:3)
  A sky beast (D:6)
  An orc warrior (D:7)
  2 ogres (D:5)
  2 big kobolds (Sewer)
  A giant frog (D:6)
  2 giant frog zombies
  A jelly (D:6)
  Crazy Yiuf (D:3)
  A giant frog skeleton (D:4)
  3 hounds
  3 orc priests
  7 orc wizards
  A centaur skeleton (D:4)
  An iguana (D:5)
  3 worker ants
  Terence (D:3)
  A killer bee zombie (D:5)
  A hound skeleton (D:4)
  A hound zombie (D:5)
  A howler monkey zombie (D:3)
  A gnoll (D:2)
  4 river rats
  15 adders
  A shadow imp (D:7)
  An ooze (D:1)
  2 adder skeletons
  5 worms
  5 dart slugs
  5 giant geckos
  20 orcs
  9 giant cockroaches
  7 goblins
  7 hobgoblins
  4 jackals (D:6)
  A quokka (D:4)
  9 ball pythons
  6 bats
  7 giant newts
  17 kobolds
  A quokka skeleton (D:7)
  35 rats
200 creatures vanquished.

Vanquished Creatures (collateral kills)
  A worker ant (D:6)
  An orc (D:6)
2 creatures vanquished.

Vanquished Creatures (others)
  2 jackal zombies (D:6)
  3 orc zombies (D:6)
  A fungus (D:3)
6 creatures vanquished.

Grand Total: 208 creatures vanquished

Notes
Turn   | Place    | Note
--------------------------------------------------------------
     0 | D:1      | Kisielow the Minotaur Fighter began the quest for the Orb.
     0 | D:1      | Reached XP level 1. HP: 19/19 MP: 0/0
    17 | D:1      | Reached skill level 3 in Long Blades
    66 | D:1      | Reached XP level 2. HP: 22/26 MP: 1/1
   331 | D:1      | Reached skill level 4 in Long Blades
   743 | D:1      | Reached XP level 3. HP: 31/31 MP: 2/2
  1121 | D:2      | Reached skill level 5 in Long Blades
  1127 | D:2      | Reached XP level 4. HP: 26/39 MP: 3/3
  1780 | D:2      | Reached XP level 5. HP: 39/46 MP: 4/4
  2094 | D:3      | Noticed mishamorgan's ghost (amateur HEWz)
  2110 | D:3      | Killed mishamorgan's ghost
  2110 | D:3      | Reached skill level 6 in Long Blades
  2110 | D:3      | Reached XP level 6. HP: 9/53 MP: 5/5
  2409 | D:3      | You fall through a shaft!
  2410 | D:4      | Found a shadowy altar of Dithmenos.
  2979 | D:4      | Found a glowing drain.
  2983 | Sewer    | Entered a sewer
  3207 | Sewer    | Reached skill level 5 in Shields
  3320 | Sewer    | Reached skill level 7 in Long Blades
  3323 | Sewer    | Reached XP level 7. HP: 40/60 MP: 6/6
  3417 | Sewer    | Reached skill level 5 in Fighting
  3773 | D:4      | Reached skill level 5 in Armour
  3832 | D:4      | Found a staircase to the Ecumenical Temple.
  3858 | Temple   | Entered the Ecumenical Temple
  3956 | Temple   | Became a worshipper of Yredelemnul the Dark
  4166 | D:3      | Noticed Terence
  4179 | D:3      | Killed Terence
  4545 | D:3      | Found a burning altar of Makhleb.
  4690 | D:3      | Noticed Grinder
  4698 | D:3      | Killed Grinder
  4698 | D:3      | Reached skill level 8 in Long Blades
  4739 | D:3      | Reached XP level 8. HP: 66/70 MP: 7/7
  4873 | D:3      | Found a sparkling altar of Nemelex Xobeh.
  5145 | D:3      | Noticed Crazy Yiuf
  5151 | D:3      | Killed Crazy Yiuf
  5241 | D:5      | Entered Level 5 of the Dungeon
  5342 | D:5      | Found an oddly glowing altar of Pakellas.
  5514 | D:5      | Found Xocublig's Armour Shoppe.
  5707 | D:5      | Reached skill level 9 in Long Blades
  5714 | D:5      | Reached * piety under Yredelemnul
  6114 | D:6      | Noticed Menkaure
  6136 | D:5      | Killed Menkaure
  6603 | D:6      | Found a shattered altar of Ashenzari.
  6953 | D:6      | Reached XP level 9. HP: 71/78 MP: 8/8
  7232 | D:7      | Reached ** piety under Yredelemnul
  7232 | D:7      | Reached skill level 10 in Long Blades
  7236 | D:7      | Killed from afar by an orc priest

Skill      XL: |  1  2  3  4  5  6  7  8  9 |
---------------+----------------------------+-----
Long Blades    | 3 4 5 6 7 8 9 10 | 10.0
Fighting       | 4 5 6 7 |  7.0
Shields        | 4 5 6 7 |  7.2
Armour         | 4 5 6 7 |  7.0

Action                   |  1- 3 |  4- 6 |  7- 9 || total
-------------------------+-------+-------+-------++-------
Melee: Long sword        |    79 |   209 |    29 ||   317
       Headbutt          |    10 |    33 |    56 ||    99
       Falchion          |       |       |   277 ||   277
Invok: Animate Remains   |       |       |    19 ||    19
  Use: Scroll            |     8 |       |       ||     8
       Potion            |       |     1 |     1 ||     2
  Eat: Chunk             |     1 |     4 |    20 ||    25
       Pizza             |       |     1 |       ||     1
       Beef jerky        |       |     1 |       ||     1
Armor: Scale mail        |    38 |    88 |    94 ||   220
Dodge: Dodged            |    23 |    78 |    53 ||   154
Block: Shield            |    30 |   122 |   128 ||   280
